 Dungeon Crawl Stone Soup version 0.31-a0-532-g28f74ba3e5 (webtiles) character file.

Game seed: 12788028227301809382

5089 timneilson the Protected (level 10, -6/61 HPs)
             Began as a Gargoyle Fighter on Aug 12, 2023.
             Frozen to death by Pokonic1's ghost (19 damage)
             ... on level 5 of the Dungeon.
             The game lasted 00:19:33 (6728 turns).

timneilson the Protected (Gargoyle Fighter)         Turns: 6728, Time: 00:19:34

Health: -6/61      AC: 26    Str: 27      XL:     10   Next: 57%
Magic:  10/10      EV: 13    Int:  8      God:
Gold:   12         SH: 10    Dex: 10 (13) Spells: 9/9 levels left

rFire   . . .        D - +3 scimitar
rCold   . . .        c - +0 buckler
rNeg    + . .        b - +0 plate armour
rPois   ∞            o - +0 helmet
rElec   +            (no cloak)
rCorr   .            t - +0 pair of gloves
SInv    .            q - +0 pair of boots
Will    .....        E - amulet of reflection Stlth
                     m - +5 ring of evasion
HPRegen 0.30/turn    u - +6 ring of strength
MPRegen 0.12/turn

%: reflection
@: studying Armour
A: sickness immunity, AC +7, negative energy resistance 1, electricity
resistance, torment resistance 1, petrification resistance
a: no special abilities


You were on level 5 of the Dungeon.
You visited 2 branches of the dungeon, and saw 9 of its levels.
You also visited: Sewer.

You collected 432 gold pieces.
You spent 420 gold pieces at shops.

Inventory:

Hand Weapons
 a - a +0 long sword of draining
 D - a +3 scimitar (weapon)
Missiles
 B - 2 throwing nets
Armour
 b - a +0 plate armour (worn)
 c - a +0 buckler (worn)
 o - a +0 helmet (worn)
 q - a +0 pair of boots (worn)
 t - a +0 pair of gloves (worn)
Jewellery
 m - a +5 ring of evasion (left hand)
 u - a +6 ring of strength (right hand)
 E - an amulet of reflection (around neck)
Talismans
 w - a beast talisman
Wands
 j - a wand of flame (7)
 k - a wand of paralysis (3)
 p - a wand of acid (10)
 y - a wand of roots (16)
Scrolls
 e - a scroll of brand weapon
 l - a scroll of revelation
 n - 2 scrolls of teleportation
 x - a scroll of enchant armour
 A - a scroll of fear
Potions
 d - 2 potions of might
 f - 3 potions of berserk rage
 g - 3 potions of lignification
 h - 2 potions of attraction
 i - a potion of invisibility {unknown}
 r - 2 potions of enlightenment
 z - a potion of magic
 C - a potion of mutation {unknown}


   Skills:
 + Level 6.7 Fighting
 * Level 6.8 Long Blades
 * Level 11.4 Armour
 + Level 3.9 Dodging
 * Level 8.6 Shields
 + Level 4.4 Evocations


You had 9 spell levels left.
You didn't know any spells.
Your spell library contained the following spells:

 Spells                   Type           Power      Damage    Failure   Level
 Magic Dart               Conj           0%         1d3       99%         1
 Call Imp                 Summ           0%         N/A       99%         2
 Lesser Beckoning         Tloc           0%         N/A       99%         2
 Static Discharge         Conj/Air       0%         2-2/arc   99%         2
 Gell's Gravitas          Tloc           0%         N/A       100%        3
 Hailstorm                Conj/Ice       0%         3d3       100%        3
 Mephitic Cloud           Conj/Pois/Air  0%         N/A       100%        3
 Portal Projectile        Hex/Tloc       0%         N/A       100%        3
 Teleport Other           Tloc           0%         N/A       100%        3
 Tukima's Dance           Hex            0%         N/A       100%        3
 Airstrike                Air            0%         2d(0-16)  100%        4
 Dispel Undead            Necr           0%         3d6       100%        4
 Iskenderun's Mystic Bla  Conj/Tloc      0%         2d3       100%        4
 Summon Ice Beast         Ice/Summ       0%         N/A       100%        4
 Summon Lightning Spire   Summ/Air       0%         N/A       100%        4
 Death Channel            Necr           0%         N/A       100%        6
 Simulacrum               Ice/Necr       0%         N/A       100%        6
 Cigotuvi's Dreadful Rot  Necr/Pois/Air  Unusable   N/A       N/A         2

Dungeon Overview and Level Annotations

Branches:
Dungeon (8/15)             Temple (1/1) D:5            Lair (0/5) D:8
  Sewer (visited)

Altars:
Ashenzari
Cheibriados
Dithmenos
Elyvilon
Fedhas
Gozag
Kikubaaqudgha
Makhleb
Nemelex Xobeh
Qazlal
Ru
Sif Muna
Trog
Uskayaw
Wu Jian
Xom
Zin

Shops:
D:4 =*?[

Annotations:
D:5 1 transporter, Pokonic1's ghost, novice DsIE


Innate Abilities, Weirdness & Mutations

You are immune to sickness and miasma.
Your stone body is resilient. (AC +7)
You are immune to poison.
You resist negative energy. (rN+)
You are resistant to electric shocks. (rElec)
You are resistant to unholy torment.
You are immune to petrification.


Message History

You miss the quasit. You block the quasit's attack.
The quasit claws you but does no damage.
The quasit misses you. The quasit closely misses you. The quasit misses you.
The quasit claws you but does no damage.
The quasit completely misses you.
The quasit claws you but does no damage. x2
The quasit bites you but does no damage.
The quasit claws you but does no damage.
The quasit misses you.
You slash the quasit!
The quasit is heavily wounded.
You block the quasit's attack. The quasit misses you.
The quasit closely misses you.
Unknown command.
You closely miss the quasit.
The quasit is heavily wounded.
The quasit misses you.
The quasit claws you but does no damage. x2
Unknown command.
Unknown command.
You slash the quasit!
You kill the quasit!
Pokonic1's ghost barely misses you.
Unknown command.
You barely miss Pokonic1's ghost.
Pokonic1's ghost is heavily damaged.
Pokonic1's ghost freezes you.
You are frozen!
* * * LOW HITPOINT WARNING * * *
Unknown command.
You feel better.
Pokonic1's ghost shrieks, "There is no future for me!"
Pokonic1's ghost freezes you.
You are frozen.
* * * LOW HITPOINT WARNING * * *
You slash Pokonic1's ghost!
Pokonic1's ghost is severely damaged.
Pokonic1's ghost freezes you.
You are frozen!!
You die...

#.#.# ######.# #.# #.#.######
#.# #.. #.#......# #.# #..
####)#.####.#####.# ##.
..................## #.
###...####.©.####..# ######.
#..###..#####..##.## #).>...
#.##..#..$).....#..# #>#####
#.#....###=..##@##.# #.#
#.##.#.....#.5W..#.#######.###
#..#...#..©..##.©#...........###
##.#..##..#......#.#######.#.##.
#.#....#...#...##......#.)..##.
#.##......#....#.....#.........
#..##.###..#####..##.###.....÷.
##..###©####............###....
#..)...........#########.#.#...


You could see a quasit and Pokonic1's ghost.

Vanquished Creatures
  An unseen horror (D:6)
  A komodo dragon (D:8)
  The ghost of avis the Cleaver, an amateur HOMo (D:4)
  Grinder (D:5)
  Sigmund (D:6)
  A wyvern (D:6)
  A yak (D:7)
  Edmund (D:6)
  2 water moccasins (D:8)
  2 sky beasts
  An orc warrior (D:6)
  A black bear (D:6)
  4 ice beasts
  3 ogres
  3 centaurs
  A phantom (D:5)
  A kobold brigand (D:7)
  Blork the orc (D:5)
  8 bullfrogs
  5 scorpions
  3 wights
  2 howler monkeys (D:7)
  A crimson imp (D:5)
  3 quasits (D:5)
  2 hounds (D:4)
  2 orc priests
  A jelly (D:6)
  A gnoll bouda (D:5)
  Natasha (thrice) (D:4)
  Ijyb (D:3)
  4 orc wizards
  4 iguanas
  10 adders
  7 gnolls
  2 river rats (D:4)
  A shadow imp (D:6)
  3 white imps
  3 dart slugs
  11 orcs
  13 ball pythons
  7 endoplasms
  8 giant cockroaches
  7 goblins
  5 hobgoblins
  13 quokkas
  4 bats
  6 frilled lizards
  8 kobolds
175 creatures vanquished.

Notes
Turn   | Place    | Note
-------+----------+-------------------------------------------
     0 | D:1      | timneilson the Gargoyle Fighter began the quest for the
                  | Orb.
     0 | D:1      | Reached XP level 1. HP: 14/14 MP: 1/1
   240 | D:1      | Reached XP level 2. HP: 19/19 MP: 2/2
   499 | D:1      | Found a faded altar of an unknown god.
  1122 | D:2      | Reached XP level 3. HP: 23/23 MP: 3/3
  1716 | D:3      | Noticed Ijyb
  1723 | D:3      | Paralysed by Ijyb for 3 turns
  1727 | D:3      | Paralysed by Ijyb for 3 turns
  1732 | D:3      | Paralysed by Ijyb for 5 turns
  1744 | D:3      | Killed Ijyb
  1745 | D:3      | Reached XP level 4. HP: 12/28 MP: 4/4
  1823 | D:3      | Found an ancient bone altar of Kikubaaqudgha.
  1992 | D:3      | Reached skill level 4 in Armour
  2146 | D:3      | Identified a scroll of acquirement
  2146 | D:3      | Acquired a manual of Armour
  2181 | D:4      | Reached XP level 5. HP: 32/33 MP: 5/5
  2190 | D:4      | Reached skill level 1 in Dodging
  2193 | D:4      | Found Ynuonk's Jewellery Boutique.
  2265 | D:4      | Reached skill level 1 in Evocations
  2280 | D:4      | Found Anoluykk's Magic Scroll Emporium.
  2424 | D:4      | Found a glowing drain.
  2430 | Sewer    | Entered a sewer
  2517 | Sewer    | Reached XP level 6. HP: 38/38 MP: 6/6
  2636 | Sewer    | Reached skill level 5 in Armour
  2802 | D:4      | Noticed Natasha
  2807 | D:4      | Killed Natasha
  2813 | D:4      | Found Sawacon's Assorted Antiques.
  2868 | D:4      | Found a runed translucent gate.
  2868 | D:4      | Found a runed translucent gate.
  2868 | D:4      | Found a runed translucent gate.
  2868 | D:4      | Noticed avis's ghost (amateur HOMo)
  2913 | D:4      | Reached skill level 5 in Shields
  2913 | D:4      | Reached XP level 7. HP: 43/43 MP: 7/7
  2913 | D:4      | Found Foosekag's Antique Armour Shoppe.
  3028 | D:4      | Found a shadowy altar of Dithmenos.
  3032 | D:4      | Noticed Natasha
  3046 | D:4      | Killed Natasha
  3079 | D:4      | Noticed Natasha
  3091 | D:4      | Killed Natasha
  3092 | D:4      | Reached skill level 6 in Armour
  3165 | D:5      | Entered Level 5 of the Dungeon
  3211 | D:5      | Found a staircase to the Ecumenical Temple.
  3230 | Temple   | Entered the Ecumenical Temple
  3256 | D:5      | Noticed Grinder
  3275 | D:5      | Paralysed by Grinder for 2 turns
  3286 | D:5      | Paralysed by Grinder for 4 turns
  3298 | D:5      | Paralysed by Grinder for 2 turns
  3306 | D:5      | Paralysed by Grinder for 4 turns
  3319 | D:5      | Killed Grinder
  3388 | D:5      | Found a transporter.
  3397 | D:5      | Found a transporter.
  3402 | D:5      | Reached XP level 8. HP: 47/48 MP: 8/8
  3414 | D:5      | Reached skill level 7 in Armour
  3414 | D:5      | Noticed Pokonic1's ghost (novice DsIE)
  3434 | D:5      | Noticed Blork the orc
  3441 | D:5      | Killed Blork the orc
  3595 | D:5      | Reached skill level 5 in Fighting
  4018 | D:5      | Reached skill level 8 in Armour
  4135 | D:6      | Noticed Sigmund
  4193 | D:6      | Killed Sigmund
  4194 | D:6      | Reached skill level 5 in Long Blades
  4194 | D:6      | Reached XP level 9. HP: 28/54 MP: 9/9
  4287 | D:6      | Found a broken altar of Ashenzari.
  4289 | D:6      | Noticed Edmund
  4329 | D:6      | Killed Edmund
  4433 | D:6      | Reached skill level 9 in Armour
  4607 | D:6      | Found a hide-covered altar of Uskayaw.
  5575 | D:7      | Found a snail-covered altar of Cheibriados.
  5740 | D:7      | Reached skill level 10 in Armour
  5843 | D:7      | Reached XP level 10. HP: 45/60 MP: 10/10
  6076 | D:6      | Killed an unseen horror
  6348 | D:8      | Found a staircase to the Lair.
  6384 | D:8      | Reached skill level 11 in Armour
  6578 | D:4      | Bought an amulet of reflection for 420 gold pieces
  6634 | D:4      | Killed avis's ghost
  6728 | D:5      | Frozen to death by Pokonic1's ghost

Illustrated notes

Levels and vault maps discovered:
D:1:      matt_arrival_refuge, layout_loops_ring,
          shapermc_ecumenical_altar_acropolis, serial_bayou_pond_c
D:2:      layout_basic, feat_on_display
D:3:      layout_basic, mainiacjoe_overflow_brackets, uniq_ijyb
D:4:      layout_rooms, lemuel_round_altar, ebering_ghost_rock_garden,
          serial_shops, shop, shop, nicolae_shop_tiny_waterfront,
          nicolae_diamond_shop, gup_sewer_entry_bubbles, uniq_natasha
D:5:      layout_loops_ring, minmay_temple_entry_sparse_star,
          gammafunk_ghost_stat_death, minmay_fire_ice_demons, uniq_grinder,
          uniq_blork_the_orc
D:6:      layout_loops_ring, hangedman_feature_mirror, st_stairs_13,
          uniq_sigmund, uniq_edmund
D:7:      layout_cave_pools, mainiacjoe_overflow_alcove_1,
          minmay_fractal_squares_diagonal_5
D:8:      layout_loops_ring, okawaru_altar_gauntlet_db,
          due_lair_maze_entry_diamond, serial_bayou_ford_a, roderic_lattice_a
Temple:   compressed_dpeg_triangle_lava_temple

Skill      XL: |  1  2  3  4  5  6  7  8  9 10 |
---------------+-------------------------------+-----
Long Blades    | 2 3 4 5 6 |  6.8
Armour         | 4 5 6 8 10 11 | 11.4
Shields        | 4 5 6 7 8 |  8.6
Dodging        | 1 2 3 |  3.9
Evocations     | 1 2 3 4 |  4.4
Fighting       | 4 5 6 |  6.7

Action                     |  1- 3 |  4- 6 |  7- 9 | 10-12 || total
---------------------------+-------+-------+-------+-------++-------
  Melee: Long sword        |   128 |   248 |   483 |   100 ||   959
         Scimitar          |       |       |       |    57 ||    57
  Evoke: Wand              |     1 |       |       |     3 ||     4
    Use: Scroll            |     5 |     8 |     3 |     1 ||    17
         Potion            |       |       |     3 |     2 ||     5
 Armour: Scale mail        |    42 |       |       |       ||    42
         Chain mail        |    43 |   188 |   248 |    55 ||   534
         Plate armour      |       |       |       |   169 ||   169
  Dodge: Dodged            |    61 |   124 |   303 |   233 ||   721
  Block: Buckler           |    31 |    72 |   114 |   129 ||   346

Table legend: (Time is in decaauts)
 A = Elapsed time spent in this place.
 B = Non-inter-level travel time spent in this place.
 C = Inter-level travel time spent in this place.
 D = Time resting spent in this place.
 E = Time spent auto-exploring this place.
 F = Levels seen in this place.
 G = Mean time per level.
                   A        B        C        D        E       F      G
               +--------+--------+--------+--------+--------+-----+--------+
         Total |   7051 |   6741 |    310 |    337 |   3849 |  10 |  705.1 |
       Dungeon |   6617 |   6307 |    310 |    290 |   3819 |   8 |  827.1 |
        Temple |     21 |     21 |      0 |      0 |      0 |   1 |   21.0 |
         Sewer |    412 |    412 |      0 |     47 |     29 |   1 |  412.0 |
               +--------+--------+--------+--------+--------+-----+--------+

Top non-repeatable levels by time:
     D:6: 1327 daAuts
     D:5: 1096 daAuts
     D:7: 960 daAuts
     D:1: 891 daAuts
     D:2: 836 daAuts
     D:4: 815 daAuts
     D:3: 517 daAuts
   Sewer: 412 daAuts
     D:8: 173 daAuts
  Temple: 21 daAuts
